 Dungeon Crawl Stone Soup version 0.30-a0-576-g89cddaab80 (webtiles) character file.

Game seed: 6901039383879437188

3273 arthad the Geomancer (level 10, -3/50 HPs)
             Began as a Gargoyle Earth Elementalist on Dec 31, 2022.
             Was an Initiate of Gozag.
             Slain by Joseph
             ... wielding a +0 quarterstaff
              (12 damage)
             ... on level 7 of the Dungeon.
             The game lasted 00:15:39 (5916 turns).

arthad the Geomancer (Gargoyle Earth Elementalist)  Turns: 5916, Time: 00:15:39

Health: -3/50      AC: 12    Str: 11    XL:     10   Next: 0%
Magic:  6/28       EV: 17    Int: 21    God:    Gozag
Gold:   572        SH:  0    Dex: 10    Spells: 11/21 levels left

rFire   . . .      SeeInvis .    A - +1 demon blade (elec)
rCold   . . .      Faith    .    (no shield)
rNeg    + . .      Spirit   .    a - +0 robe
rPois   ∞          Reflect  .    u - +0 helmet
rElec   +          Harm     .    g - +0 cloak
rCorr   .          Rampage  .    (no gloves)
Will    .....                    F - +0 pair of boots
Stlth   +++                      (no amulet)
HPRegen 0.28/turn                e - +5 ring of evasion
MPRegen 0.21/turn                h - ring of magical power

@: gold aura
A: sickness immunity, AC +7, negative energy resistance 1, electricity
resistance, torment resistance 1, petrification resistance
a: Renounce Religion, Potion Petition, Call Merchant, Bribe Branch


You were on level 7 of the Dungeon.
You worshipped Gozag.
Gozag was pleased with you.
You visited 2 branches of the dungeon, and saw 8 of its levels.

You collected 635 gold pieces.
You paid 63 gold pieces to Gozag.

Inventory:

Hand Weapons
 l - a +2 dagger of speed
 v - a +0 dagger of freezing
 w - a +0 halberd of freezing
 A - a +1 demon blade of electrocution (weapon)
 D - a +0 war axe of flaming
Missiles
 E - 9 poisoned darts
Armour
 a - a +0 robe (worn)
 g - a +0 cloak (worn)
 q - +0 fire dragon scales
 u - a +0 helmet (worn)
 B - an orb of energy
 F - a +0 pair of boots (worn)
Magical Staves
 M - a staff of conjuration
Jewellery
 e - a +5 ring of evasion (left hand)
 h - a ring of magical power (right hand)
 k - a ring of flight
 C - an amulet of faith
Wands
 y - a wand of iceblast (6)
Scrolls
 c - 5 scrolls of teleportation {unknown}
 d - 2 scrolls of blinking {unknown}
 f - 9 scrolls of identify {unknown}
 j - a scroll of magic mapping {unknown}
 o - 2 scrolls of enchant weapon {unknown}
 r - 3 scrolls of noise {unknown}
 x - 5 scrolls of poison {unknown}
 G - 3 scrolls of enchant armour {unknown}
 I - 2 scrolls of amnesia {unknown}
 L - a scroll of fog {unknown}
Potions
 b - a potion of magic
 i - 3 potions of resistance {unknown}
 m - 2 potions of heal wounds {unknown}
 n - 3 potions of attraction {unknown}
 p - 2 potions of might {unknown}
 s - a potion of invisibility {unknown}
 t - 2 potions of lignification {unknown}
 z - 2 potions of curing
 H - a potion of berserk rage {unknown}
 J - a potion of degeneration {unknown}
 K - a potion of brilliance {unknown}


   Skills:
 + Level 3.8 Dodging
 * Level 7.7 Stealth
 * Level 6.1 Spellcasting
 * Level 5.9 Conjurations
 + Level 3.5 Transmutations
 * Level 8.5 Earth Magic


You had 11 spell levels left.
You knew the following spells:

 Your Spells              Type           Power      Damage    Failure   Level
a - Sandblast             Erth           84%        2d18      1%          1
b - Passwall              Tmut/Erth      25%        N/A       1%          2
c - Stone Arrow           Conj/Erth      72%        3d11      1%          3
d - Petrify               Tmut/Erth      31%        N/A       9%          4

Your spell library contained the following spells:

 Spells                   Type           Power      Damage    Failure   Level
 Kindle Blastsparks       Fire/Tloc/Air  12%        2d11      28%         3
 Sticky Flame             Conj/Fire      18%        2d4       28%         4
 Fireball                 Conj/Fire      9%         3d6       61%         5


Dungeon Overview and Level Annotations

Branches:
Dungeon (7/15)             Temple (1/1) D:5

Altars:
Ashenzari
Dithmenos
Elyvilon
Fedhas
Gozag
Kikubaaqudgha
Makhleb
Nemelex Xobeh
Qazlal
Ru
Sif Muna
Trog
Uskayaw
Vehumet
Xom
Yredelemnul
Zin
The Shining One

Shops:
D:2 =   D:5 [

Annotations:
D:7 Joseph


Innate Abilities, Weirdness & Mutations

You are immune to sickness and miasma.
Your stone body is resilient. (AC +7)
You are immune to poison.
You resist negative energy. (rN+)
You are resistant to electric shocks. (rElec)
You are resistant to unholy torment.
You are immune to petrification.


Message History

Aiming: Stone Arrow (safe; 1% risk of failure)
Press: ? - help, Shift-Dir - straight line, f/p - Joseph
Aim: Joseph, wielding a +0 sling, wearing a +2 leather armour of poison resistance and carrying a wand of flame (8) (74% to hit)
The stone arrow hits Joseph!
Joseph is moderately wounded.
Joseph unwields a +0 sling.
Joseph wields a +0 quarterstaff.
Joseph hits you but does no damage.
Casting: Stone Arrow (safe; 1% risk of failure)
Confirm with . or Enter, or press ? or * to list all spells.
Aiming: Stone Arrow (safe; 1% risk of failure)
Press: ? - help, Shift-Dir - straight line, f/p - Joseph
Aim: Joseph, wielding a +0 quarterstaff, wearing a +2 leather armour of poison resistance and carrying a wand of flame (8) (moderately wounded, 74% to hit)
The stone arrow misses Joseph.
Joseph hits you with a +0 quarterstaff!
Casting: Stone Arrow (safe; 1% risk of failure)
Confirm with . or Enter, or press ? or * to list all spells.
Aiming: Stone Arrow (safe; 1% risk of failure)
Press: ? - help, Shift-Dir - straight line, f/p - Joseph
Aim: Joseph, wielding a +0 quarterstaff, wearing a +2 leather armour of poison resistance and carrying a wand of flame (8) (moderately wounded, 74% to hit)
The stone arrow hits Joseph!
Joseph is heavily wounded.
Joseph closely misses you.
Casting: Stone Arrow (safe; 1% risk of failure)
Confirm with . or Enter, or press ? or * to list all spells.
Aiming: Stone Arrow (safe; 1% risk of failure)
Press: ? - help, Shift-Dir - straight line, f/p - Joseph
Aim: Joseph, wielding a +0 quarterstaff, wearing a +2 leather armour of poison resistance and carrying a wand of flame (8) (heavily wounded, 74% to hit)
The stone arrow hits Joseph!!
Joseph is severely wounded.
Joseph hits you with a +0 quarterstaff!
* * * LOW HITPOINT WARNING * * *
Casting: Stone Arrow (safe; 1% risk of failure)
Confirm with . or Enter, or press ? or * to list all spells.
Aiming: Stone Arrow (safe; 1% risk of failure)
Press: ? - help, Shift-Dir - straight line, f/p - Joseph
Aim: Joseph, wielding a +0 quarterstaff, wearing a +2 leather armour of poison resistance and carrying a wand of flame (8) (severely wounded, 74% to hit)
The stone arrow hits Joseph!
Joseph is almost dead.
Joseph hits you with a +0 quarterstaff!
You die...
Your body crumbles into a pile of gold.

#......#### .......# .
.......# .## .......#
..# .......# #.#
....[#.# #.# ...###.#
#.# ........ #@# #
######.#.#######@##.##..
.# ...............
...####.#..##.#
#.#..##.# ##
#.#..##.##..
#.#.###.##.# #.#.#
#.##.# #.#.# #.##.##
#.#.# #.#...##


You could see Joseph.

Vanquished Creatures
  Pikel (D:6)
  A manticore (D:6)
  Sigmund (D:3)
  Duvessa (D:6)
  A water moccasin (D:7)
  An orc warrior (D:7)
  An ice beast (D:6)
  A sky beast (D:7)
  An ogre (D:7)
  A centaur (D:5)
  A phantom (D:5)
  Blork the orc (D:6)
  A bullfrog (D:6)
  2 necrophages (D:7)
  6 scorpions
  Dowan (D:6)
  2 quasits (D:7)
  A gnoll bouda (D:3)
  2 hounds (D:5)
  A jelly (D:7)
  3 orc priests
  2 iguanas (D:6)
  Ijyb (D:4)
  6 orc wizards
  Robin (D:3)
  14 gnolls
  6 adders
  4 shadow imps
  2 white imps (D:7)
  An ufetubus (D:7)
  A dart slug (D:4)
  26 orcs
  11 ball pythons
  3 endoplasms
  2 giant cockroaches (D:3)
  16 goblins
  2 hobgoblins
  11 jackals (D:1)
  2 quokkas
  8 bats
  3 frilled lizards
  6 kobolds
  4 rats
  A bush (D:5)
164 creatures vanquished.

Vanquished Creatures (others)
  A demonic plant (D:7)
1 creature vanquished.

Grand Total: 165 creatures vanquished

Notes
Turn   | Place    | Note
-------+----------+-------------------------------------------
     0 | D:1      | arthad the Gargoyle Earth Elementalist began the quest for
                  | the Orb.
     0 | D:1      | Reached XP level 1. HP: 10/10 MP: 3/3
   126 | D:1      | Reached XP level 2. HP: 15/15 MP: 3/5
   290 | D:1      | Learned a level 2 spell: Passwall
   584 | D:1      | Reached skill level 4 in Earth Magic
   588 | D:1      | Reached skill level 1 in Transmutations
   645 | D:1      | Found a faded altar of an unknown god.
   651 | D:1      | Reached XP level 3. HP: 19/19 MP: 6/6
  1331 | D:2      | Found Liliaru's Jewellery Emporium.
  1854 | D:3      | Found a white marble altar of Elyvilon.
  1930 | D:3      | Noticed Sigmund
  1941 | D:3      | Killed Sigmund
  1942 | D:3      | Reached skill level 5 in Earth Magic
  1942 | D:3      | Reached XP level 4. HP: 22/24 MP: 8/8
  1942 | D:3      | Reached XP level 5. HP: 26/28 MP: 9/9
  1946 | D:3      | Learned a level 3 spell: Stone Arrow
  1951 | D:3      | Learned a level 4 spell: Petrify
  2044 | D:3      | Noticed Robin
  2055 | D:3      | Reached XP level 6. HP: 21/32 MP: 9/10
  2058 | D:3      | Killed Robin
  2294 | D:3      | Reached skill level 1 in Conjurations
  2679 | D:4      | Noticed Ijyb
  2689 | D:4      | Killed Ijyb
  2842 | D:4      | Found a sparkling altar of Nemelex Xobeh.
  2947 | D:4      | Reached XP level 7. HP: 33/36 MP: 12/12
  3524 | D:5      | Entered Level 5 of the Dungeon
  3557 | D:5      | Reached skill level 5 in Stealth
  3583 | D:5      | Reached skill level 6 in Earth Magic
  3614 | D:5      | Found a blossoming altar of Fedhas.
  3676 | D:5      | Got Sif Muna's Meditations on the Volcanoes
  3694 | D:5      | Reached XP level 8. HP: 39/41 MP: 14/14
  3832 | D:5      | Found Quumis's Antique Armour Shoppe.
  3939 | D:5      | Found a staircase to the Ecumenical Temple.
  4046 | Temple   | Entered the Ecumenical Temple
  4267 | Temple   | Became a worshipper of Gozag Ym Sagoz the Greedy
  4483 | D:6      | Noticed Dowan
  4485 | D:6      | Noticed Blork the orc
  4489 | D:6      | Noticed Duvessa
  4497 | D:6      | Killed Dowan
  4674 | D:6      | Found a bloodstained altar of Trog.
  4756 | D:6      | Killed Blork the orc
  4760 | D:6      | Noticed Pikel
  4767 | D:6      | Killed Pikel
  4768 | D:6      | Reached skill level 5 in Spellcasting
  4768 | D:6      | Reached skill level 7 in Earth Magic
  4768 | D:6      | Reached XP level 9. HP: 39/45 MP: 3/16
  4769 | D:6      | Noticed a manticore
  4780 | D:6      | Killed a manticore
  4781 | D:6      | Reached skill level 5 in Conjurations
  4871 | D:6      | Killed Duvessa
  5429 | D:7      | Reached skill level 8 in Earth Magic
  5905 | D:7      | Noticed Joseph
  5910 | D:7      | Reached XP level 10. HP: 33/50 MP: 19/19
  5916 | D:7      | Slain by Joseph

Illustrated notes

Levels and vault maps discovered:
D:1:      ncdulo_halloftheorcs, layout_loops_cross,
          nicolae_ecumenical_snake_handling
D:2:      layout_loops_ring, serial_shops, nicolae_shop_trees
D:3:      layout_rooms, overflow_temple_1_default, uniq_robin, uniq_sigmund
D:4:      layout_basic, mainiacjoe_overflow_brackets, uniq_ijyb
D:5:      layout_cave_pools, fedhas_bush_and_centaur_altar, temple_statues,
          serial_shops, shop
D:6:      layout_cave_pools, marbit_many_paths, uniq_pikel, uniq_duvessa,
          uniq_blork_the_orc
D:7:      layout_loops_ring, cheibriados_altar_1, nzn_wu_jian_council_hall,
          serial_demonic, serial_demonic_a, serial_demonic_a, serial_demonic_f,
          serial_demonic_g, uniq_joseph
Temple:   dpeg_chambers_temple

Skill      XL: |  1  2  3  4  5  6  7  8  9 |
---------------+----------------------------+-----
Earth Magic    | 4 5 6 7 8 |  8.5
Transmutations | 1 2 3 |  3.5
Stealth        | 3 4 5 6 7 |  7.7
Dodging        | 2 3 |  3.8
Spellcasting   | 3 4 5 6 |  6.1
Conjurations   | 1 3 4 5 |  5.9

Action                   |  1- 3 |  4- 6 |  7- 9 | 10-12 || total
-------------------------+-------+-------+-------+-------++-------
Melee: Demon blade       |       |     4 |    42 |       ||    46
 Cast: Sandblast         |    63 |    73 |   148 |       ||   284
       Stone Arrow       |       |       |    14 |     7 ||    21
Evoke: Wand              |       |       |     1 |       ||     1
  Use: Potion            |     1 |       |       |       ||     1
Armor: Robe              |     9 |    25 |    21 |     1 ||    56
Dodge: Dodged            |    34 |    67 |    81 |     1 ||   183

Table legend: (Time is in decaauts)
 A = Elapsed time spent in this place.
 B = Non-inter-level travel time spent in this place.
 C = Inter-level travel time spent in this place.
 D = Time resting spent in this place.
 E = Time spent auto-exploring this place.
 F = Levels seen in this place.
 G = Mean time per level.
                   A        B        C        D        E       F      G
               +--------+--------+--------+--------+--------+-----+--------+
         Total |   6074 |   5775 |    299 |    272 |   4409 |   8 |  759.2 |
       Dungeon |   5825 |   5570 |    255 |    272 |   4218 |   7 |  832.1 |
        Temple |    248 |    204 |     44 |      0 |    191 |   1 |  248.0 |
               +--------+--------+--------+--------+--------+-----+--------+

Top non-repeatable levels by time:
     D:1: 1052 daAuts
     D:3: 989 daAuts
     D:6: 909 daAuts
     D:2: 825 daAuts
     D:4: 740 daAuts
     D:5: 719 daAuts
     D:7: 589 daAuts
  Temple: 248 daAuts
